 Seeded DCSS version 0.29.1-15-g9cfb28693d (webtiles) character file.

Game seed: 16814609885328743250 (custom seed)

92 Gelion the Sneak (level 4, -1/28 HPs)
             Began as a Kobold Brigand on Apr 30, 2023.
             Slain by an orc
             ... wielding a +0 morningstar
              (10 damage)
             ... on level 3 of the Dungeon on May 2, 2023.
             The game lasted 00:04:03 (2212 turns).

Gelion the Sneak (Kobold Brigand)                   Turns: 2212, Time: 00:04:03

Health: -1/28      AC:  3    Str:  8    XL:     4   Next: 90%
Magic:  4/4        EV: 14    Int: 12    God:
Gold:   163        SH:  0    Dex: 18    Spells: 3/3 levels left

rFire   . . .      SeeInvis .   l - +1 dagger (elec)
rCold   . . .      Faith    .   (no shield)
rNeg    . . .      Spirit   .   b - +0 robe
rPois   .          Reflect  .   (no helmet)
rElec   .          Harm     .   c - +0 cloak
rCorr   .          Rampage  .   (no gloves)
Will    .....                   (no boots)
Stlth   +++++.....              (no amulet)
HPRegen 0.09/turn               (no ring)
MPRegen 0.09/turn               (no ring)

@: no status effects
A: small, no large weapons, nightstalker 3
a: no special abilities


You were on level 3 of the Dungeon.
You visited 1 branch of the dungeon, and saw 3 of its levels.

You collected 163 gold pieces.

Inventory:

Hand Weapons
 l - a +1 dagger of electrocution (weapon)
Missiles
 d - 9 poisoned darts (quivered)
 e - 3 curare-tipped darts
Armour
 b - a +0 robe (worn)
 c - a +0 cloak (worn)
Jewellery
 o - a ring of willpower
Wands
 w - a wand of mindburst (4)
Scrolls
 a - 2 scrolls of enchant weapon {unknown}
 f - 5 scrolls of identify {unknown}
 h - 3 scrolls of teleportation {unknown}
 j - 3 scrolls of blinking {unknown}
 k - 2 scrolls of noise {unknown}
 s - a scroll of poison {unknown}
 t - a scroll of amnesia {unknown}
 u - a scroll of vulnerability {unknown}
 v - a scroll of torment {unknown}
Potions
 g - a potion of heal wounds {unknown}
 i - a potion of ambrosia {unknown}
 m - 2 potions of might {unknown}
 n - 2 potions of degeneration {unknown}
 p - 2 potions of curing {unknown}
 q - a potion of lignification {unknown}
 r - a potion of magic {unknown}


   Skills:
 + Level 3.0 Fighting
 * Level 4.4 Short Blades
 - Level 2.1 Throwing
 - Level 1.2 Dodging
 * Level 6.6 Stealth


You had 3 spell levels left.
You didn't know any spells.
Your spell library contained the following spells:

 Spells                   Type           Power      Damage    Failure   Level
 Portal Projectile        Hex/Tloc       0%         N/A       69%         3
 Tukima's Dance           Hex            0%         N/A       69%         3
 Animate Armour           Summ/Erth      0%         N/A       97%         4
 Passage of Golubria      Tloc           0%         N/A       97%         4
 Yara's Violent Unravell  Hex/Tmut       0%         3d3       100%        5
 Haunt                    Necr/Summ      0%         N/A       100%        7


Dungeon Overview and Level Annotations

Branches:
Dungeon (3/15)

Altars:


Innate Abilities, Weirdness & Mutations

You are small and have problems with some larger weapons.
You are completely attuned to the shadows.


Message History

w - a wand of mindburst (4)
You pick up Great Wizards, Vol.
VII and begin reading...
You add the spells Tukima's Dance, Passage of Golubria and Yara's Violent Unravelling to your library.
Found a stone staircase leading down.
An orc and an orc wizard come into view.
The orc wizard shouts!
You hear a shout! x2
The orc wizard gestures at you while chanting.
The puff of flame hits you.
An orc comes into view. It is wielding a +0 club.
The orc wizard hits you with a +0 dagger.
You barely miss the orc wizard. The orc wizard barely misses you.
An orc priest comes into view. It is wielding a +0 dagger.
The orc barely misses you.
The orc wizard attacks as you move away!
The orc wizard hits you with a +0 dagger.
The orc wizard attacks as you move away!
The orc wizard barely misses you.
You closely miss the orc. You hit the orc.
The orc is moderately wounded.
The orc closely misses you.
You barely miss the orc.
The orc is moderately wounded.
The orc barely misses you.
You hit the orc.
The orc is heavily wounded.
The orc hits you but does no damage.
You hit the orc but do no damage.
The orc is heavily wounded.
The orc barely misses you.
You hit the orc.
The orc is severely wounded.
You hit the orc but do no damage.
The orc is severely wounded.
The orc hits you with a +0 morningstar!
The orc priest looks encouraged for a moment.
You barely miss the orc.
The orc is severely wounded.
The orc hits you with a +0 morningstar!
You die...

#######
#.....#########
#.###.#...@ooo#
#.###.#.#####o#
#...#.#.### #....#
#....>......#.....
#...#.#.###..o....
#..##.#.# #.....
#.....#..
##.####### #...#


You could see an orc priest, an orc wizard and 2 orcs.

Vanquished Creatures
  Jessica (D:2)
  2 worms (D:3)
  A dart slug (D:1)
  3 ball pythons (D:2)
  4 endoplasms
  4 goblins (D:1)
  3 hobgoblins (D:2)
  13 jackals
  5 quokkas
  6 bats
  2 frilled lizards
  4 kobolds
  A rat (D:2)
49 creatures vanquished.

Notes
Turn   | Place    | Note
-------+----------+-------------------------------------------
     0 | D:1      | Gelion the Kobold Brigand began the quest for the Orb.
     0 | D:1      | Reached XP level 1. HP: 12/12 MP: 1/1
   336 | D:1      | Reached XP level 2. HP: 18/18 MP: 2/2
   347 | D:1      | Found a faded altar of an unknown god.
   728 | D:2      | Reached XP level 3. HP: 20/22 MP: 3/3
   899 | D:2      | Reached skill level 6 in Stealth
   908 | D:2      | Noticed Jessica
   912 | D:2      | Killed Jessica
   913 | D:2      | Reached XP level 4. HP: 27/27 MP: 4/4
  1378 | D:2      | Got the Anthology of Topological Accomplices
  2212 | D:3      | Slain by an orc

Illustrated notes

Levels and vault maps discovered:
D:1:      dpeg_arrival_tiny_j, layout_rooms,
          shapermc_ecumenical_altar_totnotflames
D:2:      layout_loops_ring, kennysheep_jessica_study
D:3:      layout_loops_corners

Skill      XL: |  1  2  3  4 |
---------------+-------------+-----
Short Blades   | 3 4 |  4.4
Stealth        | 6 |  6.6
Fighting       | 3 |  3.0
Throwing       | |  2.1
Dodging        | |  1.2

Action                   |  1- 3 |  4- 6 || total
-------------------------+-------+-------++-------
Melee: Dagger            |    39 |    67 ||   106
 Stab: Sleeping          |    14 |     9 ||    23
Armor: Robe              |     2 |     9 ||    11
Dodge: Dodged            |    14 |    52 ||    66
